AoeStats
← GauchoSupay

Hideout

509674108Analyzed
1v1 RM · 5d ago on Sep 27, 2026· 52m 52s· 2 players
Game mode
Random Map
Map size
Tiny (2 player)
Population
200
Speed
Normal
Resources
Standard
Victory
Conquest
Starting age
Dark Age
Ending age
Imperial Age
RankedLock teamsTeams togetherTeam positionsShared explorationLock speedFull tech treeHidden civsTurbo modeCheats
Victory
Defeat
🇦🇷 Sicilians · Argentina
1086
+34
🇪🇸 Persians · Spain
1100
-17
GauchoSupay
7:36 Loom
9:56 Feudal Age
11:16 Double-Bit Axe
13:16 Horse Collar
16:40 Fletching
28:28 Castle Age
29:09 Bodkin Arrow
34:14 Padded Archer Armor
35:15 Crossbowman
37:38 Bow Saw
37:31 Heavy Plow
37:23 Gold Mining
37:44 Scale Mail Armor
38:44 Chain Mail Armor
39:42 Forging
44:45 Imperial Age
45:36 Wheelbarrow
46:26 Chemistry
47:45 Ballistics
47:27 Bracer
47:51 Conscription
47:50 Pikeman
51:14 Capped Ram
52:52 First Crusade
52:20 Siege Ram
aleix2003
9:52 Feudal Age
8:28 Loom
11:44 Wheelbarrow
11:34 Double-Bit Axe
22:00 Castle Age
19:43 Horse Collar
21:07 Scale Barding Armor
27:46 Hand Cart
45:23 Fletching
Connection lost

Rejoining the realm…

Still unreachable

The connection could not be restored.

Session expired

The server has moved on; the page needs a fresh start.